Description

tvt

Replay - Orbital Shipyard

Build Order

Why is there no SALT encoding or Overwolf build?

  14  0:00  Orbital Command, Supply Depot x2, Reaper, Refinery x2, Barracks  
  20  1:42  Factory  1:50 ściągamy 3 scv z gazu
  21  0:00  Barracks Reactor  
  23  2:24  Command Center  
  23  0:00  Starport Tech Lab, Factory Tech Lab, Supply Depot, Reaper x4, Starport, Hellion x3, Orbital Command, Refinery, Marine x2  5 reaper 3 helion atak
    4:47  Command Center  
    0:00  Stimpack, Raven, Refinery  3 raven + tanki + marines nonstop, Roszada Baraki - Starport
    5:30  Barracks  
    0:00  Orbital Command, Engineering Bay x2, Barracks x2  
    5:30  Barracks  
    0:00  Starport x2, Factory, Armory, Refinery x2, Command Center  7-8 rax, 2 factory, 3-5 starport
Spawning Tool Build Advisor. Get it on Overwolf

Analysis

tvt

Go to:

Details

  • Created by: Dawiddekk
  • Published on: Mar 26, 2023
  • Modified on: Mar 26, 2023
  • Patch: 5.0.11
  • Difficulty: Medium
Show

Export as new Build Order

Comments (0)

There are no comments. Be the first!

Create an account to comment!